SR
MONTGOMERY BISCUITS @ MOOSE JAW CANUCKS
07/21/2042
 
TOP OF THE 1ST
Montgomery Biscuits batting - Pitching for Moose Jaw Canucks : RHP Jeff Petersen
Pitching: RHP Jeff Petersen
Batting: RHB Chiel Spronck 0-0: Ball
1-0: Reached on error, E3 (Groundball, 34, EV 98.1 MPH)
Batting: RHB Bob Clark 0-0: Ball
1-0: Foul Ball, location: 2F
1-1: Ball
2-1: Called Strike
2-2: Ball
3-2: SINGLE (Groundball, 34D, EV 93.8 MPH)
Chiel Spronck to third
Runner from 3rd tries for Home, SAFE, no throw by RF
Batting: RHB Ming-an Yin 0-0: Called Strike
0-1: Swinging Strike
0-2: Strikes out swinging
Batting: LHB Juan Martínez 0-0: Called Strike
0-1: Fly out, F7 (Flyball, 7LM, EV 101.9 MPH)
Batting: RHB José Labandeira 0-0: Ground out 4-3 (Groundball, 4, EV 79.4 MPH)
Top of the 1st over - 1 run, 1 hit, 1 error, 1 left on base; Montgomery 1 - Moose Jaw 0
BOTTOM OF THE 1ST
Moose Jaw Canucks batting - Pitching for Montgomery Biscuits : RHP Randy Smith
Pitching: RHP Randy Smith
Batting: LHB Gary McQueen 0-0: Called Strike
0-1: Ball
1-1: Ball
2-1: SINGLE (Groundball, 34D, EV 102.5 MPH)
Batting: RHB Millard Carr 0-0: Foul Ball, location: 2F
0-1: Ball
1-1: Ball
2-1: DOUBLE (Line Drive, 9LM, EV 108.8 MPH)
Gary McQueen to third
Runner from 3rd tries for Home, SAFE, throw by RF to home
Batting: RHB Román Ayala 0-0: Ball
1-0: Ball
2-0: Ball
3-0: Called Strike
3-1: Called Strike
3-2: Ground out 6-3 (Groundball, 6, EV 106.9 MPH)
Batting: LHB Steve Scott 0-0: Called Strike
0-1: Ball
1-1: Ground out 4-3 (Groundball, 4, EV 107.5 MPH)
Millard Carr to third
Batting: RHB Chad Edwards 0-0: Ball
1-0: Ball
2-0: Foul Ball, location: 2F
2-1: Swinging Strike
2-2: Strikes out swinging
Bottom of the 1st over - 1 run, 2 hits, 0 errors, 1 left on base; Montgomery 1 - Moose Jaw 1
TOP OF THE 2ND
Montgomery Biscuits batting - Pitching for Moose Jaw Canucks : RHP Jeff Petersen
Batting: RHB Chad Holland 0-0: Foul Ball, location: 2F
0-1: Foul Ball, location: 2F
0-2: Fly out, F9 (Flyball, 9D, EV 88.8 MPH)
Batting: RHB Christian Karembeu 0-0: Fly out, F9 (Line Drive, 9, EV 109.4 MPH)
Batting: RHB Albert Monday 0-0: SINGLE (Line Drive, 9LS, EV 86.2 MPH)
Batting: RHB Tsing Yo 0-0: Ball
1-0: Foul Ball, location: 2F
1-1: Ground out 5-3 (Groundball, 56S, EV 91.9 MPH)
Top of the 2nd over - 0 runs, 1 hit, 0 errors, 1 left on base; Montgomery 1 - Moose Jaw 1
BOTTOM OF THE 2ND
Moose Jaw Canucks batting - Pitching for Montgomery Biscuits : RHP Randy Smith
Batting: RHB Greg Green 0-0: Foul Ball, location: 2F
0-1: Foul Ball, location: 2F
0-2: Ball
1-2: Ball
2-2: Ball
3-2: Foul Ball, location: 2F
3-2: Base on Balls
Batting: RHB Dave Johns 0-0: Foul Ball, location: 2F
0-1: Ball
1-1: Fielders Choice at 2nd, 5-4 (Groundball, 56, EV 98.1 MPH)
Batting: RHB Marcos Martínez 0-0: Called Strike
0-1: Ball
1-1: Fly out, F9 (Flyball, 9S, EV 91.9 MPH)
Batting: RHB George Holmes 0-0: Called Strike
Dave Johns steals 2nd base
0-1: Fly out, F9 (Flyball, 89M, EV 90.6 MPH)
Bottom of the 2nd over - 0 runs, 0 hits, 0 errors, 1 left on base; Montgomery 1 - Moose Jaw 1
TOP OF THE 3RD
Montgomery Biscuits batting - Pitching for Moose Jaw Canucks : RHP Jeff Petersen
Batting: RHB Chiel Spronck 0-0: Ball
1-0: Foul Ball, location: 2F
1-1: DOUBLE (Line Drive, 7LM, EV 101.2 MPH)
Batting: RHB Bob Clark 0-0: Ball
1-0: Foul Ball, location: 2F
1-1: SINGLE (Line Drive, 56D, EV 93.8 MPH)
Chiel Spronck to third
Runner from 3rd tries for Home, SAFE, throw by LF to home
Batting: RHB Ming-an Yin 0-0: Called Strike
0-1: Ball
1-1: Swinging Strike
1-2: Strikes out looking
Batting: LHB Juan Martínez 0-0: Called Strike
0-1: Ball
1-1: Ball
Wild Pitch!
Bob Clark to second
2-1: Ball
3-1: Fly out, F9 (Flyball, 9D, EV 96.2 MPH)
Runner from 2nd tags up, SAFE at 3rd, no throw by RF
Batting: RHB José Labandeira 0-0: Ball
1-0: Foul Ball, location: 2F
1-1: Called Strike
1-2: Fly out, F7 (Line Drive, 7, EV 93.8 MPH)
Top of the 3rd over - 1 run, 2 hits, 0 errors, 1 left on base; Montgomery 2 - Moose Jaw 1
BOTTOM OF THE 3RD
Moose Jaw Canucks batting - Pitching for Montgomery Biscuits : RHP Randy Smith
Batting: LHB Gary McQueen 0-0: Ground out 1-3 (Groundball, 13, EV 70.6 MPH)
Batting: RHB Millard Carr 0-0: Ball
1-0: Foul Ball, location: 2F
1-1: Ball
2-1: Ground out 6-3 (Groundball, 6, EV 81.9 MPH)
Batting: RHB Román Ayala 0-0: Ball
1-0: Fly out, F9 (Line Drive, 9D, EV 90.6 MPH)
Bottom of the 3rd over - 0 runs, 0 hits, 0 errors, 0 left on base; Montgomery 2 - Moose Jaw 1
TOP OF THE 4TH
Montgomery Biscuits batting - Pitching for Moose Jaw Canucks : RHP Jeff Petersen
Batting: RHB Chad Holland 0-0: Called Strike
0-1: Ball
1-1: Fly out, F7 (Line Drive, 7, EV 102.5 MPH)
Batting: RHB Christian Karembeu 0-0: Foul Ball, location: 2F
0-1: Called Strike
0-2: Strikes out swinging
Batting: RHB Albert Monday 0-0: Ball
1-0: Ground out 4-3 (Groundball, 4S, EV 88.1 MPH)
Top of the 4th over - 0 runs, 0 hits, 0 errors, 0 left on base; Montgomery 2 - Moose Jaw 1
BOTTOM OF THE 4TH
Moose Jaw Canucks batting - Pitching for Montgomery Biscuits : RHP Randy Smith
Batting: LHB Steve Scott 0-0: Called Strike
0-1: Foul Ball, location: 2F
0-2: Foul Ball, location: 2F
0-2: Ball
1-2: Strikes out swinging
Batting: RHB Chad Edwards 0-0: Called Strike
0-1: Foul Ball, location: 2F
0-2: Ball
1-2: Fly out, F6 (Line Drive, 6, EV 74.4 MPH)
Batting: RHB Greg Green 0-0: Ball
1-0: Called Strike
1-1: Ball
2-1: Ball
3-1: Foul Ball, location: 2F
3-2: Foul Ball, location: 2F
3-2: Foul Ball, location: 2F
3-2: Foul Ball, location: 2F
3-2: Ground out 4-3 (Groundball, 34D, EV 96.9 MPH)
Bottom of the 4th over - 0 runs, 0 hits, 0 errors, 0 left on base; Montgomery 2 - Moose Jaw 1
TOP OF THE 5TH
Montgomery Biscuits batting - Pitching for Moose Jaw Canucks : RHP Jeff Petersen
Batting: RHB Tsing Yo 0-0: Ground out 5-3 (Groundball, 5L, EV 86.9 MPH)
Batting: RHB Chiel Spronck 0-0: Ball
1-0: Called Strike
1-1: Fly out, F8 (Line Drive, 8RD, EV 85.6 MPH)
Batting: RHB Bob Clark 0-0: Foul Ball, location: 2F
0-1: Ball
1-1: Ball
2-1: Swinging Strike
2-2: Ball
3-2: Ground out 6-3 (Groundball, 6S, EV 89.4 MPH)
Top of the 5th over - 0 runs, 0 hits, 0 errors, 0 left on base; Montgomery 2 - Moose Jaw 1
BOTTOM OF THE 5TH
Moose Jaw Canucks batting - Pitching for Montgomery Biscuits : RHP Randy Smith
Batting: RHB Dave Johns 0-0: Swinging Strike
0-1: Foul Ball, location: 2F
0-2: Ball
1-2: Ball
2-2: Ball
3-2: Base on Balls
Batting: RHB Marcos Martínez 0-0: Ball
1-0: Called Strike
1-1: Ball
2-1: Fielders Choice at 2nd, 6-4 (Groundball, 6, EV 90.6 MPH)
Batting: RHB George Holmes 0-0: Fly out, F9 (Flyball, 89S, EV 90.0 MPH)
Batting: LHB Gary McQueen 0-0: Called Strike
0-1: Swinging Strike
0-2: Strikes out swinging
Bottom of the 5th over - 0 runs, 0 hits, 0 errors, 1 left on base; Montgomery 2 - Moose Jaw 1
TOP OF THE 6TH
Montgomery Biscuits batting - Pitching for Moose Jaw Canucks : RHP Jeff Petersen
Batting: RHB Ming-an Yin 0-0: Called Strike
0-1: SINGLE (Line Drive, 7S, EV 99.4 MPH)
Batting: LHB Juan Martínez 0-0: Called Strike
0-1: Called Strike
0-2: Ball
1-2: Ball
2-2: Fielders Choice at 2nd, 3-6 (Groundball, 3S, EV 92.5 MPH)
Batting: RHB José Labandeira 0-0: Swinging Strike
0-1: Ball
1-1: Fielders Choice at 2nd, 4-6 (Groundball, 34, EV 110.6 MPH)
Batting: RHB Chad Holland 0-0: Ball
1-0: Called Strike
1-1: Ball
José Labandeira steals 2nd, throwing error, E2
José Labandeira to third
2-1: SINGLE (Groundball, 6MD, EV 96.2 MPH)
José Labandeira scores
Batting: RHB Christian Karembeu 0-0: Ball
1-0: SINGLE (Line Drive, 78S, EV 98.1 MPH)
Chad Holland to second
Batting: RHB Albert Monday 0-0: Called Strike
0-1: DOUBLE (Line Drive, 7LM, EV 106.9 MPH)
Chad Holland scores
Christian Karembeu to third
Batting: RHB Tsing Yo 0-0: Called Strike
0-1: Foul Ball, location: 2F
0-2: DOUBLE (Flyball, 89D, EV 98.8 MPH)
Christian Karembeu scores
Albert Monday scores
Pitching: RHP Chang-soo Pak
Batting: RHB Chiel Spronck 0-0: Ball
1-0: Called Strike
1-1: Ball
2-1: Foul Ball, location: 2F
2-2: Foul Ball, location: 2F
2-2: Strikes out swinging
Top of the 6th over - 4 runs, 5 hits, 1 error, 1 left on base; Montgomery 6 - Moose Jaw 1
BOTTOM OF THE 6TH
Moose Jaw Canucks batting - Pitching for Montgomery Biscuits : RHP Randy Smith
Batting: RHB Millard Carr 0-0: Ball
1-0: Called Strike
1-1: Ball
2-1: Ball
3-1: Fly out, F4 (Line Drive, 4, EV 73.1 MPH)
Batting: RHB Román Ayala 0-0: Ball
1-0: Foul Ball, location: 2F
1-1: Foul Ball, location: 2F
1-2: Foul Ball, location: 2F
1-2: Ball
2-2: Strikes out swinging
Batting: LHB Steve Scott 0-0: Ball
1-0: Called Strike
1-1: Ball
2-1: DOUBLE (Flyball, 78D, EV 94.4 MPH)
Pitching: RHP Jason Stevens
Batting: RHB Chad Edwards 0-0: Swinging Strike
0-1: Ball
Wild Pitch!
Steve Scott to third
1-1: Ball
2-1: Ball
3-1: Base on Balls
Batting: RHB Greg Green 0-0: Called Strike
0-1: Called Strike
0-2: Strikes out looking
Bottom of the 6th over - 0 runs, 1 hit, 0 errors, 2 left on base; Montgomery 6 - Moose Jaw 1
TOP OF THE 7TH
Montgomery Biscuits batting - Pitching for Moose Jaw Canucks : RHP Chang-soo Pak
Batting: RHB Bob Clark 0-0: Ball
1-0: Ball
2-0: Ball
3-0: Swinging Strike
3-1: Base on Balls
Batting: RHB Ming-an Yin 0-0: Called Strike
0-1: Ball
1-1: Ball
2-1: Foul Ball, location: 2F
2-2: Ball
3-2: Fly out, F4 (Popup, 4D, EV 51.9 MPH)
Batting: LHB Juan Martínez 0-0: Swinging Strike
0-1: Ball
1-1: Foul Ball, location: 2F
1-2: Foul Ball, location: 2F
1-2: Strikes out swinging
Batting: RHB José Labandeira 0-0: Fly out, F3 (Popup, 3SF, EV 79.4 MPH)
Top of the 7th over - 0 runs, 0 hits, 0 errors, 1 left on base; Montgomery 6 - Moose Jaw 1
BOTTOM OF THE 7TH
Moose Jaw Canucks batting - Pitching for Montgomery Biscuits : RHP Jason Stevens
Batting: RHB Dave Johns 0-0: Ball
1-0: SINGLE (Line Drive, 4MD, EV 97.5 MPH)
Batting: RHB Marcos Martínez 0-0: Ball
1-0: Foul Ball, location: 2F
1-1: SINGLE (Line Drive, 9S, EV 95.6 MPH)
Dave Johns to second
Runner from 2nd tries for 3rd, SAFE, no throw by RF
Batting: RHB George Holmes 0-0: Fly out, F8 (Flyball, 8RD, EV 81.2 MPH)
Runner from 3rd tags up, SCORES, no throw by CF
Batting: LHB Gary McQueen 0-0: Foul Ball, location: 2F
0-1: Foul Ball, location: 2F
0-2: Strikes out looking
Batting: RHB Millard Carr 0-0: Called Strike
0-1: Ball
Wild Pitch!
Marcos Martínez to second
1-1: Ball
2-1: Foul Ball, location: 2F
2-2: Strikes out swinging
Bottom of the 7th over - 1 run, 2 hits, 0 errors, 1 left on base; Montgomery 6 - Moose Jaw 2
TOP OF THE 8TH
Montgomery Biscuits batting - Pitching for Moose Jaw Canucks : RHP Chang-soo Pak
Batting: RHB Chad Holland 0-0: Called Strike
0-1: Ball
1-1: Foul Ball, location: 2F
1-2: Strikes out swinging
Batting: RHB Christian Karembeu 0-0: Ball
1-0: Called Strike
1-1: Foul Ball, location: 2F
1-2: Ground out 5-3 (Groundball, 5, EV 91.9 MPH)
Batting: RHB Albert Monday 0-0: Ball
1-0: Foul Ball, location: 2F
1-1: Swinging Strike
1-2: Ball
2-2: SINGLE (Groundball, 34D, EV 103.1 MPH)
Batting: RHB Tsing Yo 0-0: Called Strike
0-1: Foul Ball, location: 2F
0-2: Strikes out swinging
Top of the 8th over - 0 runs, 1 hit, 0 errors, 1 left on base; Montgomery 6 - Moose Jaw 2
BOTTOM OF THE 8TH
Moose Jaw Canucks batting - Pitching for Montgomery Biscuits : RHP Jason Stevens
Now at 3B: Pedro Delava
Batting: RHB Román Ayala 0-0: Called Strike
0-1: Ball
1-1: Ball
2-1: Foul Ball, location: 2F
2-2: Ground out 6-3 (Groundball, 6, EV 86.2 MPH)
Batting: LHB Steve Scott 0-0: Called Strike
0-1: Ball
1-1: Called Strike
1-2: Ball
2-2: Fly out, F8 (Flyball, 8RXD, EV 103.1 MPH)
Batting: RHB Chad Edwards 0-0: Ball
1-0: Fly out, F8 (Line Drive, 8LD, EV 83.1 MPH)
Bottom of the 8th over - 0 runs, 0 hits, 0 errors, 0 left on base; Montgomery 6 - Moose Jaw 2
TOP OF THE 9TH
Montgomery Biscuits batting - Pitching for Moose Jaw Canucks : RHP Chang-soo Pak
Batting: RHB Chiel Spronck 0-0: Called Strike
0-1: Foul Ball, location: 2F
0-2: Strikes out swinging
Batting: RHB Bob Clark 0-0: Ball
1-0: Called Strike
1-1: Foul Ball, location: 2F
1-2: SINGLE (Flyball, 5D, EV 88.1 MPH)
Pitching: RHP Azeem bin Amin
Batting: RHB Ming-an Yin 0-0: Swinging Strike
0-1: Called Strike
0-2: Foul Ball, location: 2F
0-2: Ball
1-2: SINGLE (Flyball, 9LS, EV 87.5 MPH)
Bob Clark to second
Batting: LHB Juan Martínez 0-0: Swinging Strike
0-1: Called Strike
0-2: Strikes out swinging
Batting: RHB José Labandeira 0-0: Called Strike
0-1: Ball
1-1: Fielders Choice at 2nd, 5-4 (Groundball, 5, EV 76.2 MPH)
Top of the 9th over - 0 runs, 2 hits, 0 errors, 2 left on base; Montgomery 6 - Moose Jaw 2
BOTTOM OF THE 9TH
Moose Jaw Canucks batting - Pitching for Montgomery Biscuits : RHP Jason Stevens
Pitching: LHP Jude Twitchen
Batting: RHB Greg Green 0-0: Fly out, F8 (Flyball, 8LM, EV 78.8 MPH)
Batting: RHB Dave Johns 0-0: Ball
1-0: Ball
2-0: Fly out, F9 (Line Drive, 9, EV 90.6 MPH)
Batting: RHB Marcos Martínez 0-0: Called Strike
0-1: Called Strike
0-2: Ball
1-2: Ball
2-2: Ball
3-2: Base on Balls
Batting: RHB George Holmes 0-0: Called Strike
0-1: Ball
1-1: Foul Ball, location: 2F
1-2: Strikes out swinging
Bottom of the 9th over - 0 runs, 0 hits, 0 errors, 1 left on base; Montgomery 6 - Moose Jaw 2
Friday, March 26th, 2021 - OOTP Baseball 20.8 Build 74